Kradschützen Motorcycle Team
Selects Italian Combined Arms Battlegroup
Selects Bersaglieri Squad
Construct Light Support Kompanie
Construct Mechanized Kompanie
Selects Semovente da 75/18 Assault Gun
Semovente da 75/18 Assault Gun
le.IG 18 Mechanized Group
Construct Panzerarmee Kommand
Semovente da 75/18 Assault Gun
Selects Vehicle Support - Secure Location
le.IG 18 Support Gun Team
Selects Breda Model 30 Light Machine Guns
254 Reconnaissance Tractor
Semovente da 75/18 Assault Gun
Semovente da 75/18 Assault Gun
Flak 36 Anti-tank Gun Team
18-tonne Recovery Half-track
Semovente da 75/18 Assault Gun
Marder III Tank Destroyer